Match 45148214
Unlisted

Match 45148214
End
Construct Barracks
Riflemen Squad
Riflemen Squad
M1 Mortar Team
Grenade Package
Riflemen Squad
Infantry Support Center
Construct Motor Pool
M8 Greyhound Armored Car
Construct Medical Station
Engineer Squad
Advanced Logistics
Selects Advanced Infantry Battlegroup
Selects Convert to Ranger Squad
Selects Designate Assault Position
Convert to Ranger Squad
Selects Ranger Weapon Training
Selects Ammunition Storage
Riflemen Squad
Construct Tank Depot
Selects M2A1 105mm Howitzer Emplacement
Convert to Ranger Squad
Elphiroce
potatoo
Musiałek
FoxyDolphi
0
0

Comments sign in to comment!

No comments posted yet!